 Dungeon Crawl Stone Soup version 0.29-a0-885-gb26ba3297d (webtiles) character file.

Game seed: 7209494248791380585

5162 hquester1 the Blocker (level 10, -22/91 HPs)
             Began as a Minotaur Fighter on July 20, 2022.
             Was a Priest of Okawaru.
             Annihilated by a two-headed ogre
             ... wielding a +0 giant club
              (28 damage)
             ... on level 10 of the Dungeon.
             The game lasted 00:19:11 (8813 turns).

hquester1 the Blocker (Minotaur Fighter)            Turns: 8813, Time: 00:19:12

Health: -22/91     AC: 20    Str: 36    XL:     10   Next: 33%
Magic:  9/9        EV: 11    Int:  5    God:    Okawaru [***...]
Gold:   1018       SH:  6    Dex: 12    Spells: 9/9 levels left

rFire   x . .      SeeInvis .   h - +8 war axe "Niqan" {venom, rElec rF- Str+7}
rCold   . . .      Faith    .   c - +0 buckler
rNeg    . . .      Spirit   .   l - +0 plate armour
rPois   .          Reflect  .   o - +2 hat
rElec   +          Harm     .   (no cloak)
rCorr   .          Rampage  .   m - +0 pair of gloves
Will    .....                   s - +2 pair of boots
Stlth   ..........              (no amulet)
HPRegen 0.25/turn               y - +6 ring of strength
MPRegen 0.11/turn               (no ring)

@: studying Axes
A: horns 2, retaliatory headbutt
a: Renounce Religion, Heroism


You were on level 10 of the Dungeon.
You worshipped Okawaru.
Okawaru was most pleased with you.
You visited 2 branches of the dungeon, and saw 11 of its levels.

You collected 1018 gold pieces.

Inventory:

Hand Weapons
 a - a +0 war axe
 h - the +8 war axe "Niqan" (weapon) {venom, rElec rF- Str+7}
   (You acquired it on level 6 of the Dungeon)

   It poisons the flesh of those it strikes.
   Str:       It affects your strength (+7).
   rF:        It makes you vulnerable to fire.
   rElec:     It insulates you from electricity.
Armour
 c - a +0 buckler (worn)
 l - a +0 plate armour (worn)
 m - a +0 pair of gloves (worn)
 o - a +2 hat (worn)
 s - a +2 pair of boots (worn)
Jewellery
 y - a +6 ring of strength (left hand)
Wands
 b - a wand of flame (42)
 j - a wand of acid (7)
 p - a wand of roots (15)
 r - a wand of polymorph (12)
 u - a wand of mindburst (8)
Scrolls
 n - 3 scrolls of teleportation
 x - a scroll of poison {unknown}
 z - a scroll of fear
Potions
 d - a potion of might
 e - 2 potions of cancellation {unknown}
 f - a potion of berserk rage {unknown}
 g - 3 potions of lignification
 i - 2 potions of ambrosia {unknown}
 k - a potion of mutation {unknown}
 q - 8 potions of curing {unknown}
 t - 3 potions of heal wounds
 v - 3 potions of flight {unknown}
 w - 2 potions of attraction {unknown}


   Skills:
 + Level 9.0 Fighting
 + Level 8.9 Axes
 + Level 9.1 Armour
 + Level 7.3 Dodging
 + Level 9.1 Shields


You had 9 spell levels left.
You didn't know any spells.
Your spell library contained the following spells:

 Spells                   Type           Power      Damage    Failure   Level
 Necrotise                Necr           0%         1d4       98%         1
 Ignite Poison            Fire/Tmut/Pois 0%         N/A       100%        3
 Inner Flame              Hex/Fire       0%         N/A       100%        3
 Mephitic Cloud           Conj/Pois/Air  0%         N/A       100%        3
 Ozocubu's Armour         Ice            0%         N/A       100%        3
 Vampiric Draining        Necr           0%         2d6       100%        3
 Cause Fear               Hex            0%         N/A       100%        4
 Agony                    Necr           0%         N/A       100%        5
 Freezing Cloud           Conj/Ice/Air   0%         6-21      100%        5
 Ozocubu's Refrigeration  Ice            0%         4d5       100%        7
 Discord                  Hex            0%         N/A       100%        8


Dungeon Overview and Level Annotations

Branches:
Dungeon (11/15)            Temple (1/1) D:5            Lair (0/5) D:10
    Orc: D:9-12

Altars:
Ashenzari
Cheibriados
Dithmenos
Elyvilon
Fedhas
Gozag
Hepliaklqana
Kikubaaqudgha
Makhleb
Nemelex Xobeh
Okawaru
Ru
Sif Muna
Trog
Uskayaw
Vehumet
Wu Jian
Xom
Yredelemnul
Zin
The Shining One

Annotations:
D:6 2 transporters, zeratav's ghost, novice MiBe
D:10 Lodul


Innate Abilities, Weirdness & Mutations

You have a pair of horns on your head.
You reflexively headbutt those who attack you in melee.


Message History

Found four items.
Found an escape hatch in the floor.
The two-headed ogre shouts in stereo!
The two-headed ogre barely misses you.
The two-headed ogre hits you with a +0 giant spiked club!
The boulder beetle bites you!
You slice the two-headed ogre!!
The two-headed ogre is poisoned.
The two-headed ogre is moderately wounded.
You hit the boulder beetle but do no damage.
The boulder beetle is poisoned.
Okawaru accepts your kill.
You feel a bit more experienced. The boulder beetle bites you!
The two-headed ogre hits you but does no damage.
The two-headed ogre barely misses you.
You hit the two-headed ogre.
The two-headed ogre is heavily wounded.
You hit the boulder beetle. You block the boulder beetle's attack.
Unknown command.
You hit the gargoyle but do no damage.
You hit the boulder beetle but do no damage.
The boulder beetle looks as sick as possible!
You slash the two-headed ogre!
The two-headed ogre looks as sick as possible!
The two-headed ogre misses you.
The two-headed ogre hits you but does no damage.
You block the boulder beetle's attack. The gargoyle closely misses you.
You furiously retaliate!
You headbutt the gargoyle, but do no damage.
You slash the gargoyle!
The gargoyle is moderately damaged.
You hit the boulder beetle but do no damage.
You slash the two-headed ogre!
The two-headed ogre looks as sick as possible!
The boulder beetle bites you but does no damage.
The gargoyle hurls a stone arrow at you.
The stone arrow hits you!
* * * LOW HITPOINT WARNING * * *
The two-headed ogre hits you with a +0 giant club!
* * * LOW HITPOINT WARNING * * *
The two-headed ogre hits you with a +0 giant spiked club!!
You die...

# ## ..#(## .
((8(# ..#....
8...#..
..).((B####
#...8.9@..# .
.(#...O.#......
.# #.(.#$#..
######.###
.........#
#..... . ...
#### #....#.
...>. ##O....._
.... #OOOO..#
...# #.#
#########)##..##


You could see a boulder beetle (extremely poisoned), a two-headed ogre
(extremely poisoned) and a gargoyle.

Vanquished Creatures
  Erica (D:8)
  2 gargoyles (D:8)
  An unseen horror (D:11)
  A shadow (D:6)
  A steam dragon (D:6)
  A water moccasin (D:7)
  2 orc warriors
  2 ice beasts
  5 ogres
  3 centaurs
  4 phantoms
  A kobold brigand (D:7)
  2 gnoll sergeants
  A wyvern zombie (D:6)
  5 scorpions
  3 necrophages
  8 killer bees
  4 jellies
  A howler monkey (D:4)
  A bullfrog zombie (D:6)
  3 hounds
  An orc priest (D:6)
  A gnoll bouda (D:7)
  3 orc wizards
  Natasha (thrice) (D:4)
  4 iguanas
  14 gnolls
  8 adders
  A shadow imp (D:6)
  2 white imps
  2 worms
  A dart slug (D:4)
  20 orcs
  6 ball pythons
  6 bats
  10 endoplasms
  2 giant cockroaches (D:2)
  5 goblins
  5 hobgoblins
  3 quokkas
  3 frilled lizards (D:2)
  6 kobolds
  6 rats
164 creatures vanquished.

Notes
Turn   | Place    | Note
-------+----------+-------------------------------------------
     0 | D:1      | hquester1 the Minotaur Fighter began the quest for the Orb.
     0 | D:1      | Reached XP level 1. HP: 19/19 MP: 0/0
   179 | D:1      | Reached XP level 2. HP: 27/27 MP: 1/1
   734 | D:2      | Reached skill level 1 in Dodging
   929 | D:2      | Reached XP level 3. HP: 33/33 MP: 2/2
  1752 | D:3      | Reached XP level 4. HP: 40/40 MP: 3/3
  2013 | D:3      | Reached XP level 5. HP: 13/47 MP: 4/4
  2271 | D:3      | Noticed an ogre
  2279 | D:3      | Killed an ogre
  2778 | D:4      | Noticed a phantom
  2791 | D:4      | Killed a phantom
  2792 | D:4      | Reached skill level 5 in Fighting
  2792 | D:4      | Reached XP level 6. HP: 39/56 MP: 5/5
  2914 | D:4      | Reached skill level 5 in Armour
  2914 | D:4      | Reached skill level 5 in Shields
  3020 | D:4      | Reached XP level 7. HP: 17/61 MP: 6/6
  3377 | D:4      | Noticed Natasha
  3388 | D:4      | Killed Natasha
  3619 | D:4      | Noticed Natasha
  3631 | D:4      | Killed Natasha
  3843 | D:4      | Noticed Natasha
  3850 | D:4      | Killed Natasha
  3974 | D:5      | Entered Level 5 of the Dungeon
  4148 | D:5      | Reached skill level 5 in Axes
  4533 | D:5      | Reached XP level 8. HP: 68/70 MP: 7/7
  4593 | D:5      | Found a sparkling altar of Nemelex Xobeh.
  5253 | D:5      | Found a staircase to the Ecumenical Temple.
  5272 | Temple   | Entered the Ecumenical Temple
  5392 | Temple   | Became a worshipper of Warmaster Okawaru
  5550 | D:6      | Identified 2 scrolls of acquirement
  5550 | D:6      | Acquired the +8 war axe "Niqan" {venom, rElec rF- Str+7}
  5551 | D:6      | Acquired 500 gold pieces
  5566 | D:6      | Noticed a two-headed ogre
  5591 | D:6      | Noticed zeratav's ghost (novice MiBe)
  5593 | D:6      | Reached skill level 5 in Dodging
  5600 | D:6      | Found a transporter.
  5888 | D:6      | Found a transporter.
  6086 | D:6      | Found a hide-covered altar of Uskayaw.
  6335 | D:6      | Reached XP level 9. HP: 61/79 MP: 8/8
  6338 | D:6      | Found a basalt altar of Yredelemnul.
  6506 | D:6      | Reached * piety under Okawaru
  7632 | D:7      | Reached ** piety under Okawaru
  8069 | D:8      | Noticed Erica
  8079 | D:8      | Killed Erica
  8080 | D:8      | Reached XP level 10. HP: 76/90 MP: 9/9
  8222 | D:8      | Noticed a gargoyle
  8228 | D:8      | Killed a gargoyle
  8252 | D:8      | Noticed a gargoyle
  8262 | D:8      | Killed a gargoyle
  8262 | D:8      | Reached *** piety under Okawaru
  8551 | D:8      | Found a white marble altar of Elyvilon.
  8597 | D:8      | You fall into a shaft and drop 3 floors!
  8798 | D:10     | Entered Level 10 of the Dungeon
  8798 | D:10     | Found a staircase to the Lair.
  8804 | D:10     | Found a snail-covered altar of Cheibriados.
  8804 | D:10     | Noticed Lodul
  8809 | D:10     | Noticed a gargoyle
  8809 | D:10     | Noticed a boulder beetle
  8809 | D:10     | Noticed a two-headed ogre
  8809 | D:10     | Found the +6 shillelagh "Devastator" {shatter}
  8813 | D:10     | Annihilated by a two-headed ogre

Illustrated notes

Levels and vault maps discovered:
D:1:      dpeg_arrival_tiny_i, layout_basic
D:2:      layout_loops_ring, minmay_fractal_squares_5
D:3:      layout_loops_ring
D:4:      layout_cave_pools, nicolae_zen_rock_garden, uniq_natasha
D:5:      layout_basic, nemelex_spade_bored_becter, minmay_temple_entry_fiery,
          corexii_hall_statues_deadend
D:6:      layout_basic, mainiacjoe_overflow_brackets,
          lemuel_zombie_altar_yredelemnul, gammafunk_ghost_arena
D:7:      layout_basic, st_stairs_1, kennysheep_opposing_triangles
D:8:      layout_basic, mainiacjoe_overflow_alcove_4, kennysheep_mini,
          minmay_manual_mess, uniq_erica
D:10:     layout_loops_cross, lemuel_crystal_altar, erik_lair_island,
          minmay_statues_item, dilly_guarded_unrand_devastator, uniq_lodul
D:11:     layout_grid_maze
Temple:   nicolae_temple_slightly_damp_pantheon

Skill      XL: |  1  2  3  4  5  6  7  8  9 10 |
---------------+-------------------------------+-----
Dodging        | 1 2 3 4 5 6 7 |  7.3
Shields        | 4 5 6 7 8 9 |  9.1
Fighting       | 4 5 6 7 8 9 |  9.0
Axes           | 3 4 5 6 8 |  8.9
Armour         | 4 5 6 7 8 9 |  9.1

Action                   |  1- 3 |  4- 6 |  7- 9 | 10-12 || total
-------------------------+-------+-------+-------+-------++-------
Melee: War axe           |    90 |    84 |   213 |    22 ||   409
       Headbutt          |     7 |    15 |    36 |     4 ||    62
  Use: Scroll            |       |       |    16 |     1 ||    17
Armor: Scale mail        |    36 |       |       |       ||    36
       Plate armour      |     4 |    77 |   124 |    24 ||   229
Dodge: Dodged            |    45 |    28 |    79 |    10 ||   162
Block: Buckler           |    21 |    13 |    42 |     8 ||    84

Table legend: (Time is in decaauts)
 A = Elapsed time spent in this place.
 B = Non-inter-level travel time spent in this place.
 C = Inter-level travel time spent in this place.
 D = Time resting spent in this place.
 E = Time spent auto-exploring this place.
 F = Levels seen in this place.
 G = Mean time per level.
                   A        B        C        D        E       F      G
               +--------+--------+--------+--------+--------+-----+--------+
         Total |   8926 |   8596 |    330 |    590 |   6409 |  11 |  811.5 |
       Dungeon |   8740 |   8429 |    311 |    590 |   6266 |  10 |  874.0 |
        Temple |    185 |    166 |     19 |      0 |    143 |   1 |  185.0 |
               +--------+--------+--------+--------+--------+-----+--------+

Top non-repeatable levels by time:
     D:5: 1409 daAuts
     D:6: 1324 daAuts
     D:3: 1275 daAuts
     D:4: 1242 daAuts
     D:7: 1133 daAuts
     D:2: 784 daAuts
     D:1: 742 daAuts
     D:8: 611 daAuts
    D:11: 200 daAuts
  Temple: 185 daAuts
    D:10: 15 daAuts
